Blackhawks vs Red Wings

Created - 19 mars 2018 at 20:02

Goals
1 2 3 T
Blackhawks 0 0 2 2
Red Wings 2 2 0 4
Shots
1 2 3 T
Blackhawks 7 6 8 21
Red Wings 12 8 9 29

1st period

1. Red Wings , Joseph Blandisi 6 (Matt Nieto 10, Nick Bonino 8) at 0:53
2. Red Wings , Tomas Tatar 23 (Mark Scheifele 51) at 14:05

Penalties :
Andrew Shaw (CHI) for Hooking (Minor) at 8:51

2nd period

3. Red Wings , Mark Scheifele 29 (John Tavares 39, David Pastrnak 38) at 4:07 (PP)
4. Red Wings , Connor Murphy 1 (David Pastrnak 39, Brandon Dubinsky 24) at 5:09

Penalties :
Cam Atkinson (CHI) for Hooking (Minor) at 1:16, Brandon Davidson (CHI) for Holding (Minor) at 3:49, Yanni Gourde (CHI) for Holding (Minor) at 6:24

3rd period

5. Blackhawks , Zach Parise 17 (Alexander Steen 30, Andrew Shaw 14) at 3:24 (PP)
6. Blackhawks , Andrew Shaw 22 (Niklas Hjalmarsson 13, Zach Parise 29) at 13:55

Penalties :
Dion Phaneuf (DET) for Tripping (Minor) at 3:10, Yanni Gourde (CHI) for Holding Stick (Minor) at 7:49, Alexander Steen (CHI) for Hooking (Minor) at 10:23, John Tavares (DET) for Tripping (Minor) at 17:19

Goalie Stats

Mike Condon (CHI), 10 saves from 10 shots - (1,000), 34:51 minutes
Frederik Andersen (CHI), 15 saves from 19 shots - (0,789), L, 24-24-7, 25:09 minutes
James Reimer (DET), 19 saves from 21 shots - (0,905), W, 27-19-5, 60:00 minutes

Players Stats for Blackhawks

Player Name              G  A  P  +/- PIM S  H  SB GA TA FO     MP     PP MP  PK MP  
------------------------------------------------------------------------------------
Alexander Steen          0  1  1  -2  2   3  0  0  0  1  4/19   19:26   1:12   3:14 
Andrew Shaw              1  1  2  -2  2   1  2  1  0  0  0/1    15:13   1:12   0:12 
Andy Greene              0  0  0   0  0   3  1  1  1  0  0/0    22:43   0:57   4:06 
Brandon Davidson         0  0  0  -1  2   1  1  1  0  1  0/0    12:36   0:00   0:01 
Brett Connolly           0  0  0   0  0   0  1  0  1  0  0/0     7:08   0:00   0:10 
Cam Atkinson             0  0  0   0  2   2  0  0  0  0  0/0    18:40   1:01   2:35 
Carl Hagelin             0  0  0   0  0   1  4  0  1  0  0/0    11:50   0:00   0:00 
Chris Kunitz             0  0  0   0  0   1  1  0  1  0  0/0    10:41   0:00   2:20 
Derek Forbort            0  0  0  -1  0   0  0  0  0  0  0/0    12:39   0:00   0:00 
Eric Staal               0  0  0   0  0   0  0  0  0  0  11/21  20:55   1:01   5:56 
Henrik Zetterberg        0  0  0   0  0   1  0  1  0  1  0/1    20:57   1:01   5:59 
Marc Methot              0  0  0   0  0   0  3  0  0  0  0/0    22:39   0:57   4:06 
Niklas Hjalmarsson       0  1  1  -1  0   0  0  3  0  1  0/0    24:13   1:16   6:06 
Ryan Ellis               0  0  0  -1  0   0  3  2  0  0  0/0    24:18   1:16   6:07 
Sven Andrighetto         0  0  0   0  0   1  0  0  0  0  1/2    11:24   0:00   0:00 
Vladislav Namestnikov    0  0  0   0  0   2  1  0  1  0  2/3     6:59   0:00   0:00 
Yanni Gourde             0  0  0   0  4   2  0  0  1  0  5/10   12:21   0:00   0:00 
Zach Parise              1  1  2  -2  0   3  1  0  1  0  0/0    14:45   1:12   0:00 

Players Stats for Red Wings

Player Name              G  A  P  +/- PIM S  H  SB GA TA FO     MP     PP MP  PK MP  
------------------------------------------------------------------------------------
Ben Hutton               0  0  0   2  0   1  2  0  0  1  0/0    22:08   5:44   0:00 
Brandon Dubinsky         0  1  1   1  0   1  0  0  0  0  7/8    18:53   4:29   0:47 
Cedric Paquette          0  0  0   0  0   0  1  0  0  0  0/0     7:48   0:02   1:09 
Christian Djoos          0  0  0   0  0   0  0  0  0  0  0/0    11:13   0:00   1:19 
Connor Murphy            1  0  1   2  0   2  4  2  0  1  0/0    17:54   0:12   1:19 
David Pastrnak           0  2  2   1  0   3  2  0  1  1  0/1    19:16   5:42   0:26 
Dion Phaneuf             0  0  0   0  2   0  2  3  0  2  0/0    26:09   4:29   0:54 
Dylan DeMelo             0  0  0   0  0   0  2  0  0  0  0/0    14:34   4:29   0:00 
Jake DeBrusk             0  0  0   0  0   2  0  0  0  0  0/1     6:47   0:02   0:00 
John Carlson             0  0  0   0  0   2  1  2  0  0  0/0    26:33   5:32   0:54 
John Tavares             0  1  1   0  2   3  2  1  2  0  18/36  21:21   5:42   0:00 
Joseph Blandisi          1  0  1   1  0   2  0  0  0  0  0/0    11:57   0:02   0:00 
Lukas Sedlak             0  0  0   0  0   1  1  0  0  0  0/0     6:54   0:00   0:00 
Mark Scheifele           1  1  2   0  0   7  1  0  0  0  1/1    21:09   5:42   0:07 
Matt Nieto               0  1  1   1  0   1  2  0  0  1  0/0    12:15   0:00   0:14 
Nick Bonino              0  1  1   1  0   2  0  0  0  0  8/10   13:06   0:00   1:12 
Oscar Lindberg           0  0  0   0  0   0  0  0  0  0  0/0     1:31   0:00   0:31 
Sam Gagner               0  0  0   1  0   1  1  0  0  0  0/0    17:59   4:29   0:00 
Tomas Tatar              1  0  1   0  0   1  0  1  1  1  0/0    19:46   4:29   0:00 

3 Stars

1 - Connor Murphy (DET)
2 - Mark Scheifele (DET)
3 - David Pastrnak (DET)

Power Play

Blackhawks - 1 on 2 Attempt(s) - 50,00%
Red Wings - 1 on 6 Attempt(s) - 16,67%

Penalty Kill

Blackhawks - 5 on 6 Attempt(s) - 83,33% - Score 0 goal in Penalty Kill
Red Wings - 1 on 2 Attempt(s) - 50,00% - Score 0 goal in Penalty Kill

Team Stat

Blackhawks - Hits : 18 - Faceoff Wins : 23 - Blocked Shots : 9 - Penalty Minutes : 12
Red Wings - Hits : 21 - Faceoff Wins : 34 - Blocked Shots : 9 - Penalty Minutes : 4

Official

Referees : Kelly Sutherland and Jon Mclsaac
Linesman : Steve Barton and Derek Nansen

Game Notes

Mike Condon enters game at 5:09 of 2nd period

Finance

Level 1 -- Attendance: 4972 (82,87%) -- Ticket Income 497 200 $
Level 2 -- Attendance: 5000 (100,00%) -- Ticket Income 300 000 $
Level 3 -- Attendance: 2000 (100,00%) -- Ticket Income 70 000 $
Level 4 -- Attendance: 3963 (99,08%) -- Ticket Income 79 260 $
Luxury Box -- Attendance: 742 (74,20%) -- Ticket Income 148 400 $
Game was played at the Octopus Arena.
Total Attendance: 16677 (92,65%)
Total Ticket Income: 1 094 860 $
Other Income: 536 481 $
Total Income: 1 631 341 $

Blackhawks

5 vs 5 Forward 
   Center                   Left Wing                Right Wing               Time % Phy DF OF 
 1 Eric Staal               Henrik Zetterberg        Cam Atkinson             35     0   1  4  
 2 Alexander Steen          Zach Parise              Andrew Shaw              33     0   2  3  
 3 Yanni Gourde             Carl Hagelin             Sven Andrighetto         22     0   2  3  
 4 Vladislav Namestnikov    Chris Kunitz             Brett Connolly           10     1   2  2  

5 vs 5 Defense 
   Defense                  Defense                                           Time % Phy DF OF 
 1 Ryan Ellis               Niklas Hjalmarsson                                40     0   2  3  
 2 Marc Methot              Andy Greene                                       37     0   2  3  
 3 Derek Forbort            Brandon Davidson                                  23     0   2  3  
 4 Ryan Ellis               Niklas Hjalmarsson                                0      1   2  2  

PowerPlay Forward 
   Center                   Left Wing                Right Wing               Time % Phy DF OF 
 1 Eric Staal               Henrik Zetterberg        Cam Atkinson             60     0   0  5  
 2 Alexander Steen          Zach Parise              Andrew Shaw              40     0   0  5  

PowerPlay Defense
   Defense                  Defense                                           Time % Phy DF OF 
 1 Ryan Ellis               Niklas Hjalmarsson                                60     0   1  4  
 2 Marc Methot              Andy Greene                                       40     0   1  4  

Penalty Kill 4 Players Forward 
   Center                   Wing                     Time % Phy DF OF 
 1 Eric Staal               Henrik Zetterberg        60     0   5  0  
 2 Alexander Steen          Cam Atkinson             40     0   5  0  

Penalty Kill 4 Players Defense
   Defense                  Defense                  Time % Phy DF OF 
 1 Ryan Ellis               Niklas Hjalmarsson       60     0   5  0  
 2 Marc Methot              Andy Greene              40     0   5  0  

Penalty Kill - 3 Players Forward 
   Forward                                           Time % Phy DF OF 
 1 Eric Staal                                        60     1   2  2  
 2 Henrik Zetterberg                                 40     1   2  2  

Penalty Kill - 3 Players Defense
   Defense                  Defense                  Time % Phy DF OF 
 1 Ryan Ellis               Niklas Hjalmarsson       60     1   2  2  
 2 Marc Methot              Andy Greene              40     1   2  2  

4 vs 4 Forward 
   Center                   Wing                     Time % Phy DF OF 
 1 Eric Staal               Henrik Zetterberg        60     1   2  2  
 2 Alexander Steen          Cam Atkinson             40     1   2  2  

4 vs 4 Defense
   Defense                  Defense                  Time % Phy DF OF 
 1 Ryan Ellis               Niklas Hjalmarsson       60     1   2  2  
 2 Marc Methot              Andy Greene              40     1   2  2  

Last Minutes Offensive
   Center                   Left Wing                Right Wing               Defense                  Defense                  
   Eric Staal               Henrik Zetterberg        Cam Atkinson             Ryan Ellis               Niklas Hjalmarsson       

Last Minutes Defensive
   Center                   Left Wing                Right Wing               Defense                  Defense                  
   Eric Staal               Henrik Zetterberg        Cam Atkinson             Ryan Ellis               Niklas Hjalmarsson       

Goaltenders
Starting : Frederik Andersen        
Backup : Mike Condon              

Extra Forwards
Normal : Yanni Gourde, Carl Hagelin, Chris Kunitz - PP : Yanni Gourde, Carl Hagelin - PK : Chris Kunitz
Extra Defensemen
Normal : Derek Forbort, Brandon Davidson, Marc Methot - PP : Derek Forbort - PK : Brandon Davidson, Marc Methot
Penalty Shots
Eric Staal, Henrik Zetterberg, Alexander Steen, Cam Atkinson, Zach Parise
Custom OT Lines Forwards
Eric Staal, Henrik Zetterberg, Alexander Steen, Cam Atkinson, Zach Parise, Yanni Gourde, Andrew Shaw, Carl Hagelin, Chris Kunitz, Vladislav Namestnikov
Custom OT Lines Defensemen
Ryan Ellis, Niklas Hjalmarsson, Marc Methot, Andy Greene, Derek Forbort

Scratches
Tanner Glass (Healthy)

Red Wings

5 vs 5 Forward 
   Center                   Left Wing                Right Wing               Time % Phy DF OF 
 1 John Tavares             Tomas Tatar              Mark Scheifele           42     1   2  2  
 2 Brandon Dubinsky         Sam Gagner               David Pastrnak           32     1   2  2  
 3 Nick Bonino              Matt Nieto               Joseph Blandisi          18     1   2  2  
 4 Lukas Sedlak             Jake DeBrusk             Cedric Paquette          8      2   2  1  

5 vs 5 Defense 
   Defense                  Defense                                           Time % Phy DF OF 
 1 John Carlson             Dion Phaneuf                                      40     2   2  1  
 2 Ben Hutton               Connor Murphy                                     30     2   2  1  
 3 Christian Djoos          Dylan DeMelo                                      20     2   2  1  
 4 John Carlson             Dion Phaneuf                                      10     1   2  2  

PowerPlay Forward 
   Center                   Left Wing                Right Wing               Time % Phy DF OF 
 1 John Tavares             David Pastrnak           Mark Scheifele           60     1   1  3  
 2 Brandon Dubinsky         Sam Gagner               Tomas Tatar              40     1   1  3  

PowerPlay Defense
   Defense                  Defense                                           Time % Phy DF OF 
 1 John Carlson             Ben Hutton                                        60     1   1  3  
 2 Dylan DeMelo             Dion Phaneuf                                      40     1   1  3  

Penalty Kill 4 Players Forward 
   Center                   Wing                     Time % Phy DF OF 
 1 Nick Bonino              Cedric Paquette          60     1   3  1  
 2 Brandon Dubinsky         Matt Nieto               40     1   3  1  

Penalty Kill 4 Players Defense
   Defense                  Defense                  Time % Phy DF OF 
 1 Connor Murphy            Christian Djoos          60     1   3  1  
 2 John Carlson             Dion Phaneuf             40     1   3  1  

Penalty Kill - 3 Players Forward 
   Forward                                           Time % Phy DF OF 
 1 Nick Bonino                                       60     1   4  0  
 2 Brandon Dubinsky                                  40     1   4  0  

Penalty Kill - 3 Players Defense
   Defense                  Defense                  Time % Phy DF OF 
 1 Connor Murphy            Christian Djoos          60     1   4  0  
 2 John Carlson             Dion Phaneuf             40     1   4  0  

4 vs 4 Forward 
   Center                   Wing                     Time % Phy DF OF 
 1 John Tavares             David Pastrnak           60     1   2  2  
 2 Nick Bonino              Mark Scheifele           40     1   2  2  

4 vs 4 Defense
   Defense                  Defense                  Time % Phy DF OF 
 1 Dion Phaneuf             John Carlson             60     1   2  2  
 2 Christian Djoos          Connor Murphy            40     1   2  2  

Last Minutes Offensive
   Center                   Left Wing                Right Wing               Defense                  Defense                  
   John Tavares             David Pastrnak           Mark Scheifele           Dion Phaneuf             John Carlson             

Last Minutes Defensive
   Center                   Left Wing                Right Wing               Defense                  Defense                  
   Nick Bonino              Brandon Dubinsky         Matt Nieto               Dion Phaneuf             John Carlson             

Goaltenders
Starting : James Reimer             
Backup : Anders Nilsson           

Extra Forwards
Normal : John Tavares, Lukas Sedlak, Oscar Lindberg - PP : John Tavares, David Pastrnak - PK : Oscar Lindberg
Extra Defensemen
Normal : Connor Murphy, Christian Djoos, Ben Hutton - PP : Connor Murphy - PK : Connor Murphy, Ben Hutton
Penalty Shots
Nick Bonino, John Tavares, David Pastrnak, Tomas Tatar, Mark Scheifele
Custom OT Lines Forwards
John Tavares, David Pastrnak, Mark Scheifele, Cedric Paquette, Brandon Dubinsky, Tomas Tatar, Nick Bonino, Matt Nieto, Joseph Blandisi, Jake DeBrusk
Custom OT Lines Defensemen
Ben Hutton, Dion Phaneuf, John Carlson, Connor Murphy, Christian Djoos

Scratches
Bryce Van Brabant (Healthy), Michael Zalewski (Healthy), Ryan Johnston (Healthy)

% Time on Ice - Blackhawks

Lines # - Real PCT - Wanted PCT - Time Play
Normal Forward
1 - 32% - 35% - 15:01
2 - 30% - 33% - 14:07
3 - 25% - 22% - 11:40
4 - 14% - 10% - 6:46
Normal Defense
1 - 36% - 40% - 16:55
2 - 38% - 37% - 18:10
3 - 26% - 23% - 12:29
4 - 0% - 0% - 0:00
PP Forward
1 - 46% - 60% - 1:01
2 - 54% - 40% - 1:12
PP Defense
1 - 57% - 60% - 1:16
2 - 43% - 40% - 0:57
PK Forward
1 - 67% - 60% - 6:52
2 - 33% - 40% - 3:21
PK Defense
1 - 60% - 60% - 6:07
2 - 40% - 40% - 4:06
PK3 Forward
1 - 0% - 60%
2 - 0% - 40%
PK3 Defense
1 - 0% - 60%
2 - 0% - 40%
44 Forward
1 - 0% - 60%
2 - 0% - 40%
44 Defense
1 - 0% - 60%
2 - 0% - 40%
Last Minute Offensive  - 0:00
Last Minute Defensive  - 0:00
Total
Forward - 60:00
Defense - 60:00

% Time on Ice - Red Wings

Lines # - Real PCT - Wanted PCT - Time Play
Normal Forward
1 - 33% - 42% - 15:41
2 - 28% - 32% - 13:28
3 - 24% - 18% - 11:39
4 - 14% - 8% - 6:46
Normal Defense
1 - 42% - 40% - 19:47
2 - 32% - 30% - 15:05
3 - 21% - 20% - 10:04
4 - 6% - 10% - 2:38
PP Forward
1 - 56% - 60% - 5:44
2 - 44% - 40% - 4:29
PP Defense
1 - 56% - 60% - 5:44
2 - 44% - 40% - 4:29
PK Forward
1 - 89% - 60% - 1:59
2 - 11% - 40% - 0:14
PK Defense
1 - 59% - 60% - 1:19
2 - 41% - 40% - 0:54
PK3 Forward
1 - 0% - 60%
2 - 0% - 40%
PK3 Defense
1 - 0% - 60%
2 - 0% - 40%
44 Forward
1 - 0% - 60%
2 - 0% - 40%
44 Defense
1 - 0% - 60%
2 - 0% - 40%
Last Minute Offensive  - 0:00
Last Minute Defensive  - 0:00
Total
Forward - 60:00
Defense - 60:00

Play by Play

1st period


0:01 of 1st period - Eric Staal wins face-off versus John Tavares in neutral zone.
0:39 of 1st period - Alexander Steen is hit by Dion Phaneuf and loses puck.
0:47 of 1st period - Icing by Niklas Hjalmarsson.
0:48 of 1st period - Nick Bonino wins face-off versus Alexander Steen in Blackhawks zone.
0:53 of 1st period - Wrist shot by Joseph Blandisi.
0:53 of 1st period - Goal by Joseph Blandisi - Blackhawks : 0 - Red Wings : 1.
0:54 of 1st period - Yanni Gourde wins face-off versus Jake DeBrusk in neutral zone.
0:59 of 1st period - Wrist shot by Yanni Gourde.
0:59 of 1st period - Shot Misses the Net.
1:19 of 1st period - John Tavares is hit by Vladislav Namestnikov and loses puck.
1:58 of 1st period - Wrist shot by Cam Atkinson.
1:58 of 1st period - Stopped by James Reimer without a rebound.
1:59 of 1st period - Nick Bonino wins face-off versus Alexander Steen in Red Wings zone.
1:59 of 1st period - Nick Bonino is hit by Andy Greene.
2:49 of 1st period - Snap shot by Chris Kunitz.
2:49 of 1st period - Shot Blocked by John Tavares.
3:34 of 1st period - Wrist shot by John Tavares.
3:34 of 1st period - Shot Blocked by Ryan Ellis.
3:57 of 1st period - Snap shot by Vladislav Namestnikov.
3:57 of 1st period - Stopped by James Reimer without a rebound.
3:58 of 1st period - Brandon Dubinsky wins face-off versus Eric Staal in Red Wings zone.
4:15 of 1st period - Backhand shot by Henrik Zetterberg.
4:15 of 1st period - Stopped by James Reimer with a rebound.
4:31 of 1st period - Wrist shot by Yanni Gourde.
4:31 of 1st period - Stopped by James Reimer without a rebound.
4:32 of 1st period - Yanni Gourde wins face-off versus Nick Bonino in Red Wings zone.
4:35 of 1st period - Snap shot by Carl Hagelin.
4:35 of 1st period - Shot Misses the Net.
5:05 of 1st period - Slapshot by Lukas Sedlak.
5:05 of 1st period - Shot Misses the Net.
5:23 of 1st period - Snap shot by Cam Atkinson.
5:23 of 1st period - Shot Blocked by John Carlson.
6:19 of 1st period - Wrist shot by Alexander Steen.
6:19 of 1st period - Stopped by James Reimer without a rebound.
6:20 of 1st period - Nick Bonino wins face-off versus Alexander Steen in Red Wings zone.
6:39 of 1st period - Snap shot by Zach Parise.
6:39 of 1st period - Shot Blocked by Connor Murphy.
7:06 of 1st period - Snap shot by Zach Parise.
7:06 of 1st period - Shot Misses the Net.
7:10 of 1st period - Snap shot by Alexander Steen.
7:10 of 1st period - Shot Blocked by Connor Murphy.
7:12 of 1st period - Slapshot by Andy Greene.
7:12 of 1st period - Stopped by James Reimer without a rebound.
7:13 of 1st period - John Tavares wins face-off versus Eric Staal in Red Wings zone.
7:25 of 1st period - Snap shot by John Tavares.
7:25 of 1st period - Stopped by Frederik Andersen without a rebound.
7:26 of 1st period - Brandon Dubinsky wins face-off versus Eric Staal in Blackhawks zone.
7:41 of 1st period - Slapshot by David Pastrnak.
7:41 of 1st period - Stopped by Frederik Andersen without a rebound.
7:42 of 1st period - Sven Andrighetto wins face-off versus John Tavares in Blackhawks zone.
7:42 of 1st period - Sven Andrighetto is hit by John Tavares.
7:56 of 1st period - Snap shot by John Tavares.
7:56 of 1st period - Stopped by Frederik Andersen with a rebound.
7:58 of 1st period - Slapshot by John Carlson.
7:58 of 1st period - Stopped by Frederik Andersen with a rebound.
8:08 of 1st period - Cam Atkinson is hit by Sam Gagner and loses puck.
8:31 of 1st period - Snap shot by Lukas Sedlak.
8:31 of 1st period - Stopped by Frederik Andersen without a rebound.
8:32 of 1st period - Alexander Steen wins face-off versus John Tavares in Blackhawks zone.
8:37 of 1st period - Mark Scheifele is hit by Andrew Shaw.
8:49 of 1st period - Wrist shot by Mark Scheifele.
8:49 of 1st period - Shot Blocked by Andrew Shaw.
8:51 of 1st period - Minor Penalty to Andrew Shaw for Hooking.
8:52 of 1st period - Eric Staal wins face-off versus John Tavares in Blackhawks zone.
10:51 of 1st period - Penalty to Andrew Shaw is over, Andrew Shaw is back on ice.
11:05 of 1st period - Chris Kunitz is hit by Dylan DeMelo and loses puck.
11:24 of 1st period - Niklas Hjalmarsson is hit by Cedric Paquette and loses puck.
11:35 of 1st period - Wrist shot by Vladislav Namestnikov.
11:35 of 1st period - Deflect By Chris Kunitz.
11:35 of 1st period - Shot Misses the Net.
11:35 of 1st period - Puck is out of play.
11:36 of 1st period - Nick Bonino wins face-off versus Vladislav Namestnikov in Red Wings zone.
12:57 of 1st period - Snap shot by Mark Scheifele.
12:57 of 1st period - Deflect By John Tavares.
12:57 of 1st period - Shot Misses the Net.
12:57 of 1st period - Puck is out of play.
12:58 of 1st period - John Tavares wins face-off versus Alexander Steen in Blackhawks zone.
13:01 of 1st period - Slapshot by Mark Scheifele.
13:01 of 1st period - Shot Blocked by Brandon Davidson.
13:43 of 1st period - Snap shot by John Tavares.
13:43 of 1st period - Shot Misses the Net.
14:03 of 1st period - Snap shot by Mark Scheifele.
14:03 of 1st period - Stopped by Frederik Andersen with a rebound.
14:05 of 1st period - Wrist shot by Tomas Tatar.
14:05 of 1st period - Goal by Tomas Tatar - Blackhawks : 0 - Red Wings : 2.
14:06 of 1st period - Brandon Dubinsky wins face-off versus Eric Staal in neutral zone.
14:53 of 1st period - Andy Greene is hit by David Pastrnak and loses puck.
15:02 of 1st period - Slapshot by Sam Gagner.
15:02 of 1st period - Shot Blocked by Andy Greene.
15:08 of 1st period - Snap shot by David Pastrnak.
15:08 of 1st period - Stopped by Frederik Andersen without a rebound.
15:09 of 1st period - Eric Staal wins face-off versus John Tavares in Blackhawks zone.
15:09 of 1st period - Eric Staal is hit by Connor Murphy.
15:35 of 1st period - Matt Nieto is hit by Carl Hagelin and loses puck.
16:22 of 1st period - Icing by Chris Kunitz.
16:23 of 1st period - Vladislav Namestnikov wins face-off versus John Tavares in Blackhawks zone.
16:28 of 1st period - Snap shot by John Tavares.
16:28 of 1st period - Shot Misses the Net.
16:54 of 1st period - Wrist shot by Cam Atkinson.
16:54 of 1st period - Shot Blocked by Dion Phaneuf.
17:00 of 1st period - Snap shot by Cam Atkinson.
17:00 of 1st period - Stopped by James Reimer without a rebound.
17:01 of 1st period - John Tavares wins face-off versus Alexander Steen in Red Wings zone.
17:43 of 1st period - Niklas Hjalmarsson is hit by Connor Murphy and loses puck.
18:12 of 1st period - Snap shot by Eric Staal.
18:12 of 1st period - Shot Blocked by Dion Phaneuf.
18:32 of 1st period - Matt Nieto is hit by Ryan Ellis and loses puck.
19:11 of 1st period - Wrist shot by Joseph Blandisi.
19:11 of 1st period - Shot Blocked by Henrik Zetterberg.
19:13 of 1st period - Wrist shot by Joseph Blandisi.
19:13 of 1st period - Shot Blocked by Ryan Ellis.
19:15 of 1st period - Snap shot by Matt Nieto.
19:15 of 1st period - Shot Hit the Post.
19:17 of 1st period - Slapshot by Matt Nieto.
19:17 of 1st period - Stopped by Frederik Andersen without a rebound.
19:18 of 1st period - John Tavares wins face-off versus Yanni Gourde in Blackhawks zone.
19:19 of 1st period - Wrist shot by Mark Scheifele.
19:19 of 1st period - Stopped by Frederik Andersen with a rebound.
19:21 of 1st period - Slapshot by Connor Murphy.
19:21 of 1st period - Stopped by Frederik Andersen without a rebound.
19:22 of 1st period - John Tavares wins face-off versus Yanni Gourde in Blackhawks zone.
19:31 of 1st period - Slapshot by John Tavares.
19:31 of 1st period - Shot Misses the Net.
Goals for this period are 0 for Blackhawks vs 2 for Red Wings.
Shots for this period are 7 for Blackhawks vs 12 for Red Wings.

2nd period


0:01 of 2nd period - Alexander Steen wins face-off versus John Tavares in neutral zone.
0:10 of 2nd period - Wrist shot by Alexander Steen.
0:10 of 2nd period - Deflect By Zach Parise.
0:10 of 2nd period - Deflect By Dion Phaneuf.
0:10 of 2nd period - Stopped by James Reimer with a rebound.
0:12 of 2nd period - Wrist shot by Zach Parise.
0:12 of 2nd period - Deflect By Alexander Steen.
0:12 of 2nd period - Shot Blocked by Tomas Tatar.
0:12 of 2nd period - Puck is out of play.
0:13 of 2nd period - John Tavares wins face-off versus Alexander Steen in Red Wings zone.
1:08 of 2nd period - Wrist shot by Jake DeBrusk.
1:08 of 2nd period - Shot Misses the Net.
1:16 of 2nd period - Minor Penalty to Cam Atkinson for Hooking.
1:17 of 2nd period - John Tavares wins face-off versus Eric Staal in Blackhawks zone.
1:50 of 2nd period - Chris Kunitz is hit by John Carlson and loses puck.
2:21 of 2nd period - Tomas Tatar is hit by Chris Kunitz.
2:25 of 2nd period - Brandon Dubinsky is hit by Marc Methot and loses puck.
3:16 of 2nd period - Penalty to Cam Atkinson is over, Cam Atkinson is back on ice.
3:49 of 2nd period - Minor Penalty to Brandon Davidson for Holding.
3:50 of 2nd period - John Tavares wins face-off versus Eric Staal in Blackhawks zone.
4:07 of 2nd period - Slapshot by Mark Scheifele.
4:07 of 2nd period - Goal by Mark Scheifele - Blackhawks : 0 - Red Wings : 3.
4:08 of 2nd period - Yanni Gourde wins face-off versus John Tavares in neutral zone.
4:15 of 2nd period - Slapshot by Andy Greene.
4:15 of 2nd period - Deflect By Yanni Gourde.
4:15 of 2nd period - Shot Misses the Net.
4:15 of 2nd period - Puck is out of play.
4:16 of 2nd period - John Tavares wins face-off versus Yanni Gourde in Red Wings zone.
4:21 of 2nd period - Snap shot by Mark Scheifele.
4:21 of 2nd period - Stopped by Frederik Andersen with a rebound.
4:23 of 2nd period - Wrist shot by John Carlson.
4:23 of 2nd period - Deflect By Marc Methot.
4:23 of 2nd period - Stopped by Frederik Andersen with a rebound.
4:25 of 2nd period - Snap shot by Mark Scheifele.
4:25 of 2nd period - Stopped by Frederik Andersen without a rebound.
4:26 of 2nd period - John Tavares wins face-off versus Alexander Steen in Blackhawks zone.
4:27 of 2nd period - Snap shot by Mark Scheifele.
4:27 of 2nd period - Stopped by Frederik Andersen without a rebound.
4:28 of 2nd period - John Tavares wins face-off versus Alexander Steen in Blackhawks zone.
4:41 of 2nd period - Snap shot by Zach Parise.
4:41 of 2nd period - Stopped by James Reimer with a rebound.
4:59 of 2nd period - Wrist shot by David Pastrnak.
4:59 of 2nd period - Stopped by Frederik Andersen without a rebound.
5:00 of 2nd period - Brandon Dubinsky wins face-off versus Alexander Steen in Blackhawks zone.
5:05 of 2nd period - Wrist shot by David Pastrnak.
5:05 of 2nd period - Shot Misses the Net.
5:07 of 2nd period - Snap shot by David Pastrnak.
5:07 of 2nd period - Shot Misses the Net.
5:09 of 2nd period - Slapshot by Connor Murphy.
5:09 of 2nd period - Goal by Connor Murphy - Blackhawks : 0 - Red Wings : 4.
5:09 of 2nd period - Mike Condon enters game.
5:10 of 2nd period - John Tavares wins face-off versus Alexander Steen in neutral zone.
6:24 of 2nd period - Minor Penalty to Yanni Gourde for Holding.
6:25 of 2nd period - Eric Staal wins face-off versus John Tavares in Blackhawks zone.
6:34 of 2nd period - Ryan Ellis is hit by Mark Scheifele and loses puck.
6:47 of 2nd period - Henrik Zetterberg is hit by Dylan DeMelo and loses puck.
7:10 of 2nd period - Slapshot by Ryan Ellis.
7:10 of 2nd period - Shot Misses the Net.
7:13 of 2nd period - Icing by John Carlson.
7:14 of 2nd period - Eric Staal wins face-off versus Brandon Dubinsky in Red Wings zone.
7:23 of 2nd period - Marc Methot is hit by Ben Hutton.
8:06 of 2nd period - Slapshot by Ryan Ellis.
8:06 of 2nd period - Shot Misses the Net.
8:24 of 2nd period - Penalty to Yanni Gourde is over, Yanni Gourde is back on ice.
8:46 of 2nd period - Alexander Steen is hit by Connor Murphy and loses puck.
9:05 of 2nd period - Slapshot by Jake DeBrusk.
9:05 of 2nd period - Stopped by Mike Condon without a rebound.
9:06 of 2nd period - Vladislav Namestnikov wins face-off versus David Pastrnak in Blackhawks zone.
9:33 of 2nd period - John Tavares is hit by Marc Methot and loses puck.
9:56 of 2nd period - Matt Nieto is hit by Brandon Davidson and loses puck.
10:04 of 2nd period - Icing by Derek Forbort.
10:05 of 2nd period - Brandon Dubinsky wins face-off versus Alexander Steen in Blackhawks zone.
10:11 of 2nd period - Icing by Brandon Davidson.
10:12 of 2nd period - Brandon Dubinsky wins face-off versus Andrew Shaw in Blackhawks zone.
11:06 of 2nd period - Backhand shot by Zach Parise.
11:06 of 2nd period - Shot Misses the Net.
11:08 of 2nd period - Slapshot by Brandon Davidson.
11:08 of 2nd period - Stopped by James Reimer with a rebound.
11:10 of 2nd period - Snap shot by Alexander Steen.
11:10 of 2nd period - Shot Misses the Net.
13:05 of 2nd period - Off-side.
13:06 of 2nd period - Eric Staal wins face-off versus John Tavares in neutral zone.
13:23 of 2nd period - Wrist shot by Cam Atkinson.
13:23 of 2nd period - Shot Misses the Net.
13:58 of 2nd period - Slapshot by Chris Kunitz.
13:58 of 2nd period - Stopped by James Reimer with a rebound.
14:00 of 2nd period - Slapshot by Andy Greene.
14:00 of 2nd period - Stopped by James Reimer with a rebound.
14:02 of 2nd period - Wrist shot by Andy Greene.
14:02 of 2nd period - Deflect By Dion Phaneuf.
14:02 of 2nd period - Stopped by James Reimer with a rebound.
14:31 of 2nd period - Lukas Sedlak is hit by Carl Hagelin and loses puck.
14:50 of 2nd period - Wrist shot by Jake DeBrusk.
14:50 of 2nd period - Shot Blocked by Niklas Hjalmarsson.
15:06 of 2nd period - Ryan Ellis is hit by Dion Phaneuf and loses puck.
15:57 of 2nd period - John Carlson is hit by Marc Methot and loses puck.
16:35 of 2nd period - John Tavares is hit by Carl Hagelin and loses puck.
17:29 of 2nd period - John Carlson is hit by Ryan Ellis and loses puck.
19:00 of 2nd period - Connor Murphy is hit by Brett Connolly and loses puck.
Goals for this period are 0 for Blackhawks vs 2 for Red Wings.
Shots for this period are 6 for Blackhawks vs 8 for Red Wings.

3rd period


0:01 of 3rd period - John Tavares wins face-off versus Eric Staal in neutral zone.
1:51 of 3rd period - Yanni Gourde is hit by Matt Nieto and loses puck.
1:58 of 3rd period - Snap shot by Joseph Blandisi.
1:58 of 3rd period - Stopped by Mike Condon with a rebound.
2:00 of 3rd period - Wrist shot by Matt Nieto.
2:00 of 3rd period - Shot Misses the Net.
2:12 of 3rd period - Wrist shot by Vladislav Namestnikov.
2:12 of 3rd period - Shot Misses the Net.
2:18 of 3rd period - Chris Kunitz is hit by Lukas Sedlak and loses puck.
2:48 of 3rd period - Off-side.
2:49 of 3rd period - Yanni Gourde wins face-off versus John Tavares in neutral zone.
2:58 of 3rd period - Wrist shot by Carl Hagelin.
2:58 of 3rd period - Stopped by James Reimer with a rebound.
3:00 of 3rd period - Slapshot by Yanni Gourde.
3:00 of 3rd period - Stopped by James Reimer with a rebound.
3:02 of 3rd period - Slapshot by Ryan Ellis.
3:02 of 3rd period - Deflect By Sven Andrighetto.
3:02 of 3rd period - Stopped by James Reimer with a rebound.
3:04 of 3rd period - Snap shot by Yanni Gourde.
3:04 of 3rd period - Shot Misses the Net.
3:10 of 3rd period - Minor Penalty to Dion Phaneuf for Tripping.
3:11 of 3rd period - Nick Bonino wins face-off versus Alexander Steen in Red Wings zone.
3:24 of 3rd period - Snap shot by Zach Parise.
3:24 of 3rd period - Goal by Zach Parise - Blackhawks : 1 - Red Wings : 4.
3:25 of 3rd period - John Tavares wins face-off versus Henrik Zetterberg in neutral zone.
3:28 of 3rd period - Snap shot by John Carlson.
3:28 of 3rd period - Shot Blocked by Niklas Hjalmarsson.
3:30 of 3rd period - Slapshot by John Carlson.
3:30 of 3rd period - Shot Blocked by Niklas Hjalmarsson.
3:32 of 3rd period - Snap shot by Mark Scheifele.
3:32 of 3rd period - Shot Misses the Net.
3:40 of 3rd period - Wrist shot by John Tavares.
3:40 of 3rd period - Stopped by Mike Condon with a rebound.
3:52 of 3rd period - Brandon Dubinsky is hit by Andrew Shaw and loses puck.
4:03 of 3rd period - Wrist shot by Alexander Steen.
4:03 of 3rd period - Stopped by James Reimer with a rebound.
4:43 of 3rd period - Slapshot by Andy Greene.
4:43 of 3rd period - Shot Misses the Net.
5:25 of 3rd period - Snap shot by Nick Bonino.
5:25 of 3rd period - Stopped by Mike Condon with a rebound.
5:45 of 3rd period - Ben Hutton is hit by Carl Hagelin and loses puck.
6:08 of 3rd period - Snap shot by Mark Scheifele.
6:08 of 3rd period - Stopped by Mike Condon without a rebound.
6:09 of 3rd period - Alexander Steen wins face-off versus John Tavares in Blackhawks zone.
6:54 of 3rd period - Snap shot by Nick Bonino.
6:54 of 3rd period - Stopped by Mike Condon without a rebound.
6:55 of 3rd period - Nick Bonino wins face-off versus Yanni Gourde in Blackhawks zone.
6:56 of 3rd period - Slapshot by Matt Nieto.
6:56 of 3rd period - Deflect By Nick Bonino.
6:56 of 3rd period - Shot Misses the Net.
6:56 of 3rd period - Puck is out of play.
6:57 of 3rd period - Yanni Gourde wins face-off versus Nick Bonino in Blackhawks zone.
6:57 of 3rd period - Yanni Gourde is hit by Matt Nieto.
7:49 of 3rd period - Minor Penalty to Yanni Gourde for Holding Stick.
7:50 of 3rd period - Eric Staal wins face-off versus John Tavares in Blackhawks zone.
8:26 of 3rd period - Off-side.
8:27 of 3rd period - John Tavares wins face-off versus Alexander Steen in neutral zone.
8:30 of 3rd period - Wrist shot by David Pastrnak.
8:30 of 3rd period - Shot Misses the Net.
8:32 of 3rd period - Slapshot by Ben Hutton.
8:32 of 3rd period - Stopped by Mike Condon without a rebound.
8:33 of 3rd period - Mark Scheifele wins face-off versus Eric Staal in Blackhawks zone.
9:06 of 3rd period - Wrist shot by Mark Scheifele.
9:06 of 3rd period - Deflect By Alexander Steen.
9:06 of 3rd period - Shot Misses the Net.
9:06 of 3rd period - Puck is out of play.
9:07 of 3rd period - Brandon Dubinsky wins face-off versus Alexander Steen in Blackhawks zone.
9:12 of 3rd period - Snap shot by Brandon Dubinsky.
9:12 of 3rd period - Stopped by Mike Condon with a rebound.
9:49 of 3rd period - Penalty to Yanni Gourde is over, Yanni Gourde is back on ice.
10:23 of 3rd period - Minor Penalty to Alexander Steen for Hooking.
10:24 of 3rd period - Eric Staal wins face-off versus John Tavares in Blackhawks zone.
10:56 of 3rd period - Snap shot by Brandon Dubinsky.
10:56 of 3rd period - Shot Hit the Post.
11:40 of 3rd period - Icing by Dion Phaneuf.
11:41 of 3rd period - Eric Staal wins face-off versus John Tavares in Red Wings zone.
12:23 of 3rd period - Penalty to Alexander Steen is over, Alexander Steen is back on ice.
12:40 of 3rd period - Snap shot by Matt Nieto.
12:40 of 3rd period - Shot Misses the Net.
13:00 of 3rd period - Snap shot by Jake DeBrusk.
13:00 of 3rd period - Stopped by Mike Condon with a rebound.
13:26 of 3rd period - Wrist shot by David Pastrnak.
13:26 of 3rd period - Deflect By Sam Gagner.
13:26 of 3rd period - Stopped by Mike Condon with a rebound.
13:40 of 3rd period - Sven Andrighetto is hit by Connor Murphy and loses puck.
13:49 of 3rd period - Wrist shot by Yanni Gourde.
13:49 of 3rd period - Deflect By Sven Andrighetto.
13:49 of 3rd period - Shot Blocked by Dion Phaneuf.
13:49 of 3rd period - Puck is out of play.
13:50 of 3rd period - Alexander Steen wins face-off versus John Tavares in Red Wings zone.
13:51 of 3rd period - Slapshot by Zach Parise.
13:51 of 3rd period - Shot Misses the Net.
13:53 of 3rd period - Slapshot by Niklas Hjalmarsson.
13:53 of 3rd period - Shot Misses the Net.
13:55 of 3rd period - Snap shot by Andrew Shaw.
13:55 of 3rd period - Goal by Andrew Shaw - Blackhawks : 2 - Red Wings : 4.
13:56 of 3rd period - Eric Staal wins face-off versus John Tavares in neutral zone.
14:22 of 3rd period - David Pastrnak is hit by Zach Parise and loses puck.
14:35 of 3rd period - Snap shot by Zach Parise.
14:35 of 3rd period - Shot Blocked by John Carlson.
15:04 of 3rd period - Off-side.
15:05 of 3rd period - Eric Staal wins face-off versus John Tavares in neutral zone.
15:07 of 3rd period - Off-side.
15:08 of 3rd period - John Tavares wins face-off versus Eric Staal in neutral zone.
15:59 of 3rd period - Niklas Hjalmarsson is hit by Ben Hutton and loses puck.
16:22 of 3rd period - Snap shot by Vladislav Namestnikov.
16:22 of 3rd period - Stopped by James Reimer without a rebound.
16:23 of 3rd period - Nick Bonino wins face-off versus Sven Andrighetto in Red Wings zone.
16:48 of 3rd period - Cam Atkinson is hit by David Pastrnak and loses puck.
17:11 of 3rd period - Snap shot by Alexander Steen.
17:11 of 3rd period - Stopped by James Reimer without a rebound.
17:12 of 3rd period - John Tavares wins face-off versus Alexander Steen in Red Wings zone.
17:18 of 3rd period - Off-side.
17:19 of 3rd period - John Tavares wins face-off versus Yanni Gourde in neutral zone.
17:19 of 3rd period - Minor Penalty to John Tavares for Tripping.
17:20 of 3rd period - Nick Bonino wins face-off versus Eric Staal in Red Wings zone.
17:45 of 3rd period - Nick Bonino is hit by Ryan Ellis and loses puck.
19:19 of 3rd period - Penalty to John Tavares is over, John Tavares is back on ice.
19:35 of 3rd period - Chris Kunitz is hit by John Tavares and loses puck.
Goals for this period are 2 for Blackhawks vs 0 for Red Wings.
Shots for this period are 8 for Blackhawks vs 9 for Red Wings.